 Dungeon Crawl Stone Soup version 0.24.0-37-gcf1ca852f1 (webtiles) character file.

Game seed: 10567503266049725858, levelgen mode: deterministic

154 grindst0ne the Digger (level 4, 0/37 HPs)
             Began as a Demigod Earth Elementalist on Nov 21, 2019.
             Slain by a gnoll
             ... wielding a +0 flail
              (13 damage)
             ... on level 2 of the Dungeon.
             The game lasted 00:03:55 (1843 turns).

grindst0ne the Digger (Demigod Earth Elementalist)  Turns: 1843, Time: 00:03:56

Health: 0/37       AC:  2    Str: 11    XL:     4   Next: 88%
Magic:  1/11       EV: 12    Int: 19    God:
Gold:   81         SH:  0    Dex: 18    Spells: 7/8 levels left

rFire    . . .     SeeInvis .   h - +4 dagger
rCold    . . .     Gourm    .   (no shield)
rNeg     . . .     Faith    .   c - +0 robe
rPois    .         Spirit   .   (no helmet)
rElec    .         Reflect  .   (no cloak)
rCorr    .         Harm     .   (no gloves)
MR       .....                  (no boots)
Stlth    ++........             (no amulet)
HPRegen  0.12/turn              (no ring)
MPRegen  0.12/turn              (no ring)

@: very slightly contaminated
A: high mp 1
a: no special abilities


You were on level 2 of the Dungeon.
You were not hungry.

You visited 1 branch of the dungeon, and saw 3 of its levels.

You collected 81 gold pieces.

Inventory:

Hand Weapons
 h - a +4 dagger (weapon)
Missiles
 b - 21 stones (quivered)
Armour
 c - a +0 robe (worn)
Scrolls
 a - 2 scrolls of fear {unknown}
 e - 6 scrolls of identify {unknown}
 m - 2 scrolls of remove curse {unknown}
Potions
 g - a potion of ambrosia {unknown}
 i - a potion of magic {unknown}
 j - a potion of brilliance {unknown}
 k - a potion of heal wounds {unknown}
 l - a potion of flight {unknown}
 n - 3 potions of might {unknown}
Comestibles
 d - 7 rations
 f - 4 chunks of flesh


   Skills:
 + Level 2.3 Fighting
 - Level 1.7 Dodging
 - Level 1.7 Stealth
 + Level 2.9 Spellcasting
   Level 0.8 Transmutations
 + Level 3.7 Earth Magic


You had 7 spell levels left.
You knew the following spells:

 Your Spells              Type           Power        Failure   Level  Hunger
a - Sandblast             Erth           ###...       3%          1    None

Your spell library contained the following spells:

 Spells                   Type           Power        Failure   Level  Hunger
 Passwall                 Tmut/Erth      ##......     9%          2    ##.....
 Stone Arrow              Conj/Erth      ##....       22%         3    ###....
 Petrify                  Tmut/Erth      ##......     52%         4    ####...
 Lee's Rapid Deconstruct  Erth           ###.......   65%         5    ######.


Dungeon Overview and Level Annotations

Branches:
Dungeon (3/15)

Annotations:
D:2 exclusion: downstairs


Innate Abilities, Weirdness & Mutations

You have an increased reservoir of magic. (+10% MP)


Message History

Confirm with . or Enter, or press ? or * to list all spells.
Aiming: Sandblast (safe; 3% risk of failure)
Press: ? - help, Shift-Dir - straight line, f - gnoll
Aim: a gnoll, wielding a +0 flail You miscast Sandblast.
You are very lightly contaminated with residual magic.
You feel gritty. The gnoll hits you with a +0 flail.
* * * LOW HITPOINT WARNING * * *
You see here a +0 club.
Casting: Sandblast (safe; 3% risk of failure)
Confirm with . or Enter, or press ? or * to list all spells.
Aiming: Sandblast (safe; 3% risk of failure)
Press: ? - help, Shift-Dir - straight line, f/p - gnoll
Aim: a gnoll, wielding a +0 flail The blast of sand hits the gnoll.
The gnoll is heavily wounded.
b - 21 stones The gnoll hits you with a +0 flail!
You die...

##### ####...####
#......'... #.##...####
##############.##...#
#.....g@.......##...#
#####.###########..##...#
#.....###########..##...#
#.....##...........##...#
#...............##.######
#.....##........##.#########
#.....##...>.........[.)....
#.....###.......#.....######
#####....##+#.###.....######


You could see a gnoll.

Vanquished Creatures
  An orc wizard (D:3)
  An orc priest (D:3)
  An adder (D:3)
  2 gnolls (D:3)
  A worm (D:2)
  2 leopard geckos
  4 orcs
  4 giant cockroaches
  9 goblins
  6 hobgoblins
  5 kobolds
  A quokka (D:2)
  A ball python (D:2)
  6 bats
  4 frilled lizards
  11 rats
59 creatures vanquished.

Notes
Turn   | Place    | Note
-------+----------+-------------------------------------------
     0 | D:1      | grindst0ne the Demigod Earth Elementalist began the quest
                  | for the Orb.
     0 | D:1      | Reached XP level 1. HP: 14/14 MP: 5/5
   164 | D:1      | Reached XP level 2. HP: 8/22 MP: 0/7
   575 | D:1      | Reached skill level 3 in Earth Magic
   632 | D:1      | Reached skill level 1 in Fighting
  1097 | D:2      | Reached XP level 3. HP: 28/28 MP: 3/9
  1494 | D:3      | Reached XP level 4. HP: 36/36 MP: 2/10
  1801 | D:3      | Found an opulent altar of Gozag.
  1843 | D:2      | Slain by a gnoll

Levels and vault maps discovered:
D:1:      matt_arrival_refuge, layout_rooms
D:2:      layout_basic, first_ration, minmay_pentomino_t4
D:3:      layout_basic, nicolae_overflow_crystal_walls,
          gammafunk_temple_overflow_pools

Skill      XL: |  1  2  3  4 |
---------------+-------------+-----
Spellcasting   | 2 |  2.9
Earth Magic    | 3 |  3.7
Fighting       | 1 2 |  2.3
Dodging        | |  1.7
Stealth        | |  1.7
Transmutations | |  0.8

Action                   |  1- 3 |  4- 6 || total
-------------------------+-------+-------++-------
Melee: Dagger            |    38 |     1 ||    39
 Cast: Sandblast         |    52 |    23 ||    75
 Stab: Sleeping          |     3 |       ||     3
  Eat: Chunk             |     2 |     1 ||     3
Armor: Robe              |     7 |       ||     7
Dodge: Dodged            |    37 |     8 ||    45
